Map: Frozen Temple

Players

Gracz - Winner!

  • Race: Protoss Protoss
  • League: Silver

Techmaster

  • Race: Terran Terran
  • League: Diamond

VOD

Have the link to the VOD?

Description

Time

  • Played on: Oct. 25, 2016, 1:01 p.m.
  • Length: 5:29
Show
View Real Time Build Order
Export as new Build Order

Gracz Protoss - Winner!

Build Orders: 1 Gate Expand 

Get SALT Encoding   

  12  0:01  Probe (Chrono Boost)  
  13  0:24  Probe (Chrono Boost)  
  13  0:25  Pylon  
  14  0:32  Pylon  
  14  0:35  Probe (Chrono Boost)  
  15  0:45  Probe (Chrono Boost)  
  16  0:50  Gateway  
  16  0:56  Probe (Chrono Boost)  
  17  1:23  Unknown, Nexus  
  17  1:27  Pylon  
  17  1:36  Assimilator  
  17  1:43  Cybernetics Core  
  17  1:47  Assimilator  
  17  1:48  Probe (Chrono Boost)  
  18  2:02  Probe (Chrono Boost)  
  18  2:08  Gateway  
  19  2:12  Gateway  
  19  2:23  Gateway  
  19  2:30  Probe (Chrono Boost)  
  19  2:35  Unknown  
  20  2:37  Pylon  
  20  2:41  Probe (Chrono Boost)  
  21  2:44  Warp Gate  
  21  2:48  Probe (Chrono Boost)  
  23  2:52  Probe (Chrono Boost)  
  23  3:02  Twilight Council  
  25  3:12  Probe (Chrono Boost)  
  25  3:14  Probe (Chrono Boost)  
  25  3:23  Mothership Core (Chrono Boost)  
  25  3:26  Probe (Chrono Boost)  
  28  3:36  Gateway  
  28  3:40  Gateway  
  28  3:47  Probe (Chrono Boost)  
  30  3:48  Probe (Chrono Boost)  
  30  4:17  Stargate  
  30  4:21  Assimilator  
  30  4:24  Assimilator  
  30  4:27  Gateway x2  
  30  4:41  Stargate  
  30  5:05  Probe (Chrono Boost)  
  32  5:07  Probe (Chrono Boost)  
  32  5:16  Probe (Chrono Boost)  
  32  5:19  Probe (Chrono Boost)  
Show
View Real Time Build Order
Export as new Build Order

Techmaster Terran 

Build Orders:  

Get SALT Encoding   

  12  0:01  SCV  
  13  0:49  Unknown, Command Center  
  13  1:34  SCV  
  13  1:37  Supply Depot  
  14  1:46  SCV  
  15  1:59  SCV  
  15  2:00  Unknown  
  15  2:01  Barracks  
  16  2:08  SCV  
  17  2:12  SCV  
  18  2:27  SCV x2  
  20  2:30  Refinery  
  20  2:50  Orbital Command  
  20  2:51  Refinery  
  20  2:58  Marine  
  20  3:00  SCV  
  20  3:01  Barracks  
  22  3:14  SCV  
  22  3:17  Barracks Tech Lab  
  23  3:22  Bunker  
  23  3:25  Barracks  
  23  3:26  SCV  
  24  3:36  Orbital Command  
  24  3:42  Reaper  
  24  3:44  SCV  
  24  3:47  Barracks Reactor  
  26  3:56  SCV  
  28  4:10  SCV x2  
  29  4:17  Factory  
  29  4:19  Marine  
  29  4:21  Barracks Tech Lab  
  29  4:23  SCV x2  
  32  4:26  Marine x2  
  32  4:28  Supply Depot  
  34  4:36  Engineering Bay  
  34  4:38  SCV  
  35  4:39  SCV  
  36  4:50  Marine x2, SCV  
  36  4:51  Marauder  
  40  5:03  Missile Turret  
  40  5:10  Starport  
  40  5:13  Missile Turret, Barracks  
  40  5:15  SCV  
Tags
 
Add a new tag
Caveats
  • Supply blocks, unpowered buildings, or Contaminate may cause inaccurate times.
  • Supply counts are checked every 10 seconds.